Chicago Black Hawks vs Anaheim Ducks
Created - Tuesday, February 25, 2025 at 08:10
Goals
|
| Chicago Black Hawks |
0 |
3 |
0 |
3 |
| Anaheim Ducks |
2 |
4 |
1 |
7 |
|
Shots
|
| Chicago Black Hawks |
13 |
15 |
9 |
37 |
| Anaheim Ducks |
11 |
15 |
9 |
35 |
|
1st period
1. Anaheim Ducks , Nazem Kadri 9 (Alex Killorn 9) at 1:15
2. Anaheim Ducks , John Tavares 9 (William Nylander 11, Joshua Morrissey 3) at 12:51
Penalties :
Mark Scheifele (ANA) for Boarding (Minor) at 5:37, Nazem Kadri (ANA) for Delaying the game (Minor) at 17:26
2nd period
3. Anaheim Ducks , Brayden Schenn 8 (Alex Killorn 10, Nazem Kadri 12) at 0:37
4. Anaheim Ducks , Brayden Schenn 9 (Nazem Kadri 13, Alex Killorn 11) at 1:36
5. Chicago Black Hawks , Bobby Brink 4 (Seth Jones 4, Tyson Foerster 7) at 6:16
6. Chicago Black Hawks , Tyson Foerster 6 (Joseph Veleno 11, Cole Sillinger 7) at 7:55
7. Chicago Black Hawks , Cole Sillinger 5 (Joseph Veleno 12, Seth Jones 5) at 13:46
8. Anaheim Ducks , William Nylander 9 (John Tavares 9, Mark Scheifele 12) at 17:13
9. Anaheim Ducks , Chandler Stephenson 4 (Luke Evangelista 3, John Tavares 10) at 19:17
Penalties :
Brenden Dillon (ANA) for Goalie Interference (Minor) at 2:20, Mark Scheifele (ANA) for Hooking (Minor) at 8:24
3rd period
10. Anaheim Ducks , William Nylander 10 (Joshua Morrissey 4, Esa Lindell 6) at 16:55
Penalties :
Mark Scheifele (ANA) for Hooking (Minor) at 8:41, Brenden Dillon (ANA) for Interference (Minor) at 11:32, Lucas Raymond (CHI) for Tripping (Minor) at 17:11
Goalie Stats
Adin Hill (CHI), 28 saves from 35 shots - (0.800), L, 3-5-2, 60:00 minutes
Linus Ullmark (ANA), 34 saves from 37 shots - (0.919), W, 11-5-2, 60:00 minutes
Players Stats for Chicago Black Hawks
Player Name G A P +/- PIM S H SB GA TA FO MP PP MP PK MP
------------------------------------------------------------------------------------
Barrett Hayton 0 0 0 -3 0 6 2 1 2 0 4/12 13:06 0:00 0:50
Bobby Brink 1 0 1 0 0 3 0 0 0 0 0/0 7:20 0:00 0:00
Caleb Jones 0 0 0 -2 0 1 2 0 0 0 0/0 10:59 0:00 0:00
Claude Giroux 0 0 0 -3 0 3 0 0 0 0 0/1 19:01 5:58 0:00
Cole Sillinger 1 1 2 2 0 5 2 2 1 0 8/18 19:23 5:56 0:00
Devon Toews 0 0 0 -4 0 0 1 0 0 1 0/0 24:36 6:05 1:09
Dmitri Voronkov 0 0 0 -3 0 2 3 0 0 0 0/0 12:19 0:00 0:02
Jack Drury 0 0 0 0 0 0 0 0 0 0 2/4 7:20 0:00 0:00
Jon Merrill 0 0 0 -2 0 1 0 1 0 1 0/0 17:08 5:45 0:00
Joseph Veleno 0 2 2 2 0 4 1 1 1 1 0/0 19:55 5:56 0:31
Josh Doan 0 0 0 -3 0 1 0 0 0 1 0/1 13:06 0:00 0:50
Lucas Raymond 0 0 0 -3 2 3 0 0 1 0 1/3 19:01 5:58 0:00
Noah Cates 0 0 0 0 0 1 0 0 0 0 0/0 8:05 0:00 0:45
Robert Bortuzzo 0 0 0 -4 0 0 2 4 0 0 0/0 16:36 0:04 0:50
Seth Jones 0 2 2 2 0 1 1 3 0 1 0/0 26:19 6:05 1:09
Sidney Crosby 0 0 0 -3 0 4 1 2 0 0 16/27 20:01 5:58 1:00
Tyson Foerster 1 1 2 2 0 2 0 1 0 0 1/1 19:23 5:56 0:00
Vincent Desharnais 0 0 0 2 0 0 0 0 0 1 0/0 24:22 5:49 0:50
Players Stats for Anaheim Ducks
Player Name G A P +/- PIM S H SB GA TA FO MP PP MP PK MP
------------------------------------------------------------------------------------
Alex Killorn 0 3 3 3 0 1 2 0 0 0 0/0 17:34 0:55 3:43
Alexandre Texier 0 0 0 -2 0 1 0 1 0 0 0/0 8:23 0:00 1:51
Alexey Toropchenko 0 0 0 -2 0 1 2 0 0 0 0/0 6:10 0:00 0:00
Brayden Schenn 2 0 2 3 0 4 1 2 0 0 0/1 20:54 0:55 6:48
Brenden Dillon 0 0 0 1 4 1 3 2 0 0 0/0 16:01 0:00 3:19
Chandler Stephenson 1 0 1 1 0 3 1 1 0 2 1/3 12:48 0:00 3:43
Esa Lindell 0 1 1 2 0 2 3 1 0 2 0/0 25:38 0:36 7:35
Ivan Provorov 0 0 0 1 0 0 1 2 0 1 0/0 24:23 0:36 6:57
J.T. Compher 0 0 0 1 0 2 1 0 0 0 6/17 16:09 0:00 6:48
John Tavares 1 2 3 2 0 4 2 0 1 0 0/0 19:39 1:04 0:55
Joshua Morrissey 0 2 2 2 0 2 2 1 0 0 0/0 19:38 1:23 0:38
Kevin Bahl 0 0 0 1 0 2 1 0 0 0 0/0 17:07 0:00 5:19
Luke Evangelista 0 1 1 1 0 1 1 0 1 0 0/0 9:05 0:00 0:00
Mark Scheifele 0 1 1 2 6 1 1 0 0 0 17/28 18:23 1:04 0:00
Mason Marchment 0 0 0 -2 0 1 0 1 0 0 1/1 6:10 0:00 0:00
Morgan Rielly 0 0 0 1 0 1 1 0 0 0 0/0 17:37 1:23 0:00
Nazem Kadri 1 2 3 3 2 5 0 0 2 0 10/17 13:58 0:55 0:00
William Nylander 2 1 3 2 0 3 0 0 2 0 0/0 18:23 1:04 0:00
3 Stars
1 - William Nylander (ANA)
2 - Brayden Schenn (ANA)
3 - John Tavares (ANA)
Power Play
Chicago Black Hawks - 0 on 6 Attempt(s) - 0.00%
Anaheim Ducks - 0 on 1 Attempt(s) - 0.00%
Penalty Kill
Chicago Black Hawks - 1 on 1 Attempt(s) - 100.00%
- Score 0 goal in Penalty Kill
Anaheim Ducks - 6 on 6 Attempt(s) - 100.00%
- Score 0 goal in Penalty Kill
Team Stat
Chicago Black Hawks - Hits : 15 - Faceoff Wins : 32 - Blocked Shots : 15 - Penalty Minutes : 2
Anaheim Ducks - Hits : 22 - Faceoff Wins : 35 - Blocked Shots : 11 - Penalty Minutes : 12
Official
Referees : Justin St. Pierre and Conor O'Donnell
Linesman : Mark Shewchyk and Kiel Murchison
Game Notes
No Game Note
Finance
Level 1 -- Attendance: 5146 (85.77%) -- Ticket Income $514,600
Level 2 -- Attendance: 3988 (79.76%) -- Ticket Income $239,280
Level 3 -- Attendance: 2070 (69.00%) -- Ticket Income $95,220
Level 4 -- Attendance: 3473 (69.46%) -- Ticket Income $86,825
Luxury Box -- Attendance: 731 (73.10%) -- Ticket Income $146,200
Game was played at the Honda Center.
Total Attendance: 15408 (77.04%)
Total Ticket Income: $1,082,125
Other Income: $378,744
Total Income: $1,460,869
Chicago Black Hawks
5 vs 5 Forward
Center Left Wing Right Wing Time % Phy DF OF
1 Sidney Crosby Claude Giroux Lucas Raymond 30 0 1 4
2 Cole Sillinger Tyson Foerster Joseph Veleno 30 0 2 3
3 Barrett Hayton Dmitri Voronkov Josh Doan 25 0 1 4
4 Jack Drury Noah Cates Bobby Brink 15 0 2 3
5 vs 5 Defense
Defense Defense Time % Phy DF OF
1 Vincent Desharnais Seth Jones 36 0 3 2
2 Devon Toews Robert Bortuzzo 34 0 3 2
3 Caleb Jones Jon Merrill 20 0 4 1
4 Devon Toews Seth Jones 10 0 4 1
PowerPlay Forward
Center Left Wing Right Wing Time % Phy DF OF
1 Sidney Crosby Claude Giroux Lucas Raymond 50 0 0 5
2 Cole Sillinger Tyson Foerster Joseph Veleno 50 0 0 5
PowerPlay Defense
Defense Defense Time % Phy DF OF
1 Devon Toews Seth Jones 50 0 1 4
2 Vincent Desharnais Jon Merrill 50 0 1 4
Penalty Kill 4 Players Forward
Center Wing Time % Phy DF OF
1 Sidney Crosby Lucas Raymond 50 0 5 0
2 Barrett Hayton Josh Doan 50 0 5 0
Penalty Kill 4 Players Defense
Defense Defense Time % Phy DF OF
1 Seth Jones Devon Toews 50 0 5 0
2 Robert Bortuzzo Vincent Desharnais 50 0 5 0
Penalty Kill - 3 Players Forward
Forward Time % Phy DF OF
1 Claude Giroux 50 0 5 0
2 Jack Drury 50 0 5 0
Penalty Kill - 3 Players Defense
Defense Defense Time % Phy DF OF
1 Vincent Desharnais Seth Jones 50 0 5 0
2 Devon Toews Caleb Jones 50 0 5 0
4 vs 4 Forward
Center Wing Time % Phy DF OF
1 Claude Giroux Sidney Crosby 50 0 2 3
2 Lucas Raymond Dmitri Voronkov 50 1 1 3
4 vs 4 Defense
Defense Defense Time % Phy DF OF
1 Devon Toews Vincent Desharnais 50 0 3 2
2 Caleb Jones Seth Jones 50 0 3 2
Last Minutes Offensive
Center Left Wing Right Wing Defense Defense
Sidney Crosby Claude Giroux Lucas Raymond Vincent Desharnais Seth Jones
Last Minutes Defensive
Center Left Wing Right Wing Defense Defense
Sidney Crosby Claude Giroux Lucas Raymond Vincent Desharnais Seth Jones
Goaltenders
Starting : Adin Hill
Backup : Alexandar Georgiev
Extra Forwards
Normal : Bobby Brink, Sidney Crosby, Claude Giroux - PP : Lucas Raymond, Cole Sillinger - PK : Noah Cates
Extra Defensemen
Normal : Seth Jones, Robert Bortuzzo, Devon Toews - PP : Devon Toews - PK : Devon Toews, Seth Jones
Penalty Shots
Bobby Brink, Sidney Crosby, Claude Giroux, Lucas Raymond, Devon Toews
Scratches
Shane Wright (Healthy), Carson Lambos (Healthy), Jakob Pelletier (Healthy)
Anaheim Ducks
5 vs 5 Forward
Center Left Wing Right Wing Time % Phy DF OF
1 Mark Scheifele John Tavares William Nylander 40 1 2 2
2 Nazem Kadri Brayden Schenn Alex Killorn 30 1 2 2
3 J.T. Compher Chandler Stephenson Luke Evangelista 20 1 2 2
4 Mason Marchment Alexey Toropchenko Alexandre Texier 10 1 2 2
5 vs 5 Defense
Defense Defense Time % Phy DF OF
1 Esa Lindell Joshua Morrissey 40 1 2 2
2 Ivan Provorov Morgan Rielly 35 1 2 2
3 Brenden Dillon Kevin Bahl 25 1 2 2
4 Esa Lindell Ivan Provorov 0 1 2 2
PowerPlay Forward
Center Left Wing Right Wing Time % Phy DF OF
1 Mark Scheifele John Tavares William Nylander 60 1 1 3
2 Nazem Kadri Brayden Schenn Alex Killorn 40 1 1 3
PowerPlay Defense
Defense Defense Time % Phy DF OF
1 Morgan Rielly Joshua Morrissey 60 1 1 3
2 Ivan Provorov Esa Lindell 40 1 2 2
Penalty Kill 4 Players Forward
Center Wing Time % Phy DF OF
1 J.T. Compher Brayden Schenn 60 1 3 1
2 Chandler Stephenson Alex Killorn 40 1 3 1
Penalty Kill 4 Players Defense
Defense Defense Time % Phy DF OF
1 Esa Lindell Ivan Provorov 60 1 3 1
2 Kevin Bahl Brenden Dillon 40 1 3 1
Penalty Kill - 3 Players Forward
Forward Time % Phy DF OF
1 J.T. Compher 60 1 4 0
2 Brayden Schenn 40 1 4 0
Penalty Kill - 3 Players Defense
Defense Defense Time % Phy DF OF
1 Esa Lindell Ivan Provorov 60 1 4 0
2 Kevin Bahl Brenden Dillon 40 1 4 0
4 vs 4 Forward
Center Wing Time % Phy DF OF
1 Mark Scheifele William Nylander 60 1 2 2
2 Nazem Kadri John Tavares 40 1 2 2
4 vs 4 Defense
Defense Defense Time % Phy DF OF
1 Esa Lindell Joshua Morrissey 60 1 2 2
2 Morgan Rielly Ivan Provorov 40 1 2 2
Last Minutes Offensive
Center Left Wing Right Wing Defense Defense
Mark Scheifele John Tavares William Nylander Joshua Morrissey Morgan Rielly
Last Minutes Defensive
Center Left Wing Right Wing Defense Defense
J.T. Compher Alex Killorn Brayden Schenn Ivan Provorov Esa Lindell
Goaltenders
Starting : Linus Ullmark
Backup : James Reimer
Extra Forwards
Normal : William Nylander, Mark Scheifele, John Tavares - PP : William Nylander, Mark Scheifele - PK : J.T. Compher
Extra Defensemen
Normal : Esa Lindell, Morgan Rielly, Brenden Dillon - PP : Joshua Morrissey - PK : Esa Lindell, Ivan Provorov
Penalty Shots
Alexandre Texier, Brenden Dillon, Mark Scheifele, John Tavares, Brayden Schenn
Scratches
Jakob Chychrun (Healthy), Josh Manson (Healthy)
% Time on Ice - Chicago Black Hawks
Lines # - Real PCT - Wanted PCT - Time Play
Normal Forward
1 - 28% - 30% - 13:04
2 - 29% - 30% - 13:27
3 - 27% - 25% - 12:16
4 - 16% - 15% - 7:20
Normal Defense
1 - 37% - 36% - 17:10
2 - 34% - 34% - 15:49
3 - 24% - 20% - 10:59
4 - 5% - 10% - 2:09
PP Forward
1 - 50% - 50% - 5:58
2 - 50% - 50% - 5:56
PP Defense
1 - 51% - 50% - 6:05
2 - 49% - 50% - 5:49
PK Forward
1 - 58% - 50% - 1:09
2 - 42% - 50% - 0:50
PK Defense
1 - 58% - 50% - 1:09
2 - 42% - 50% - 0:50
PK3 Forward
1 - 0% - 50%
2 - 0% - 50%
PK3 Defense
1 - 0% - 50%
2 - 0% - 50%
44 Forward
1 - 0% - 50%
2 - 0% - 50%
44 Defense
1 - 0% - 50%
2 - 0% - 50%
Last Minute Offensive - 0:00
Last Minute Defensive - 0:00
Total
Forward - 60:00
Defense - 60:00
|
% Time on Ice - Anaheim Ducks
Lines # - Real PCT - Wanted PCT - Time Play
Normal Forward
1 - 39% - 40% - 17:56
2 - 28% - 30% - 12:56
3 - 20% - 20% - 9:05
4 - 13% - 10% - 6:10
Normal Defense
1 - 40% - 40% - 18:21
2 - 36% - 35% - 16:46
3 - 24% - 25% - 11:00
4 - 0% - 0% - 0:00
PP Forward
1 - 54% - 60% - 1:04
2 - 46% - 40% - 0:55
PP Defense
1 - 70% - 60% - 1:23
2 - 30% - 40% - 0:36
PK Forward
1 - 69% - 60% - 8:11
2 - 31% - 40% - 3:43
PK Defense
1 - 55% - 60% - 6:35
2 - 45% - 40% - 5:19
PK3 Forward
1 - 0% - 60%
2 - 0% - 40%
PK3 Defense
1 - 0% - 60%
2 - 0% - 40%
44 Forward
1 - 0% - 60%
2 - 0% - 40%
44 Defense
1 - 0% - 60%
2 - 0% - 40%
Last Minute Offensive - 0:00
Last Minute Defensive - 0:00
Total
Forward - 60:00
Defense - 60:00
|
Play-by-Play
1st period
0:01 of 1st period - Sidney Crosby wins face-off versus Mark Scheifele in neutral zone.
0:06 of 1st period - Wrist shot by Lucas Raymond.
0:06 of 1st period - Stopped by Linus Ullmark with a rebound.
1:15 of 1st period - Wrist shot by Nazem Kadri.
1:15 of 1st period - Goal by Nazem Kadri - Chicago Black Hawks : 0 - Anaheim Ducks : 1.
1:16 of 1st period - J.T. Compher wins face-off versus Barrett Hayton in neutral zone.
1:41 of 1st period - Tyson Foerster is hit by Brenden Dillon and loses puck.
2:07 of 1st period - Mason Marchment is hit by Caleb Jones and loses puck.
2:26 of 1st period - Seth Jones is hit by Esa Lindell and loses puck.
2:47 of 1st period - Wrist shot by Chandler Stephenson.
2:47 of 1st period - Deflect By Nazem Kadri.
2:47 of 1st period - Shot Misses the Net.
2:47 of 1st period - Puck is out of play.
2:48 of 1st period - Nazem Kadri wins face-off versus Barrett Hayton in Chicago Black Hawks zone.
2:49 of 1st period - Slapshot by Brayden Schenn.
2:49 of 1st period - Deflect By Alex Killorn.
2:49 of 1st period - Stopped by Adin Hill without a rebound.
2:50 of 1st period - Sidney Crosby wins face-off versus Nazem Kadri in Chicago Black Hawks zone.
2:57 of 1st period - Wrist shot by Claude Giroux.
2:57 of 1st period - Shot Blocked by Brenden Dillon.
3:02 of 1st period - Off-side.
3:03 of 1st period - Cole Sillinger wins face-off versus Mark Scheifele in neutral zone.
3:06 of 1st period - Snap shot by Tyson Foerster.
3:06 of 1st period - Stopped by Linus Ullmark with a rebound.
3:32 of 1st period - Morgan Rielly is hit by Robert Bortuzzo and loses puck.
3:37 of 1st period - Snap shot by Barrett Hayton.
3:37 of 1st period - Stopped by Linus Ullmark with a rebound.
3:43 of 1st period - Wrist shot by Dmitri Voronkov.
3:43 of 1st period - Stopped by Linus Ullmark with a rebound.
4:14 of 1st period - Off-side.
4:15 of 1st period - Lucas Raymond wins face-off versus Mark Scheifele in neutral zone.
4:42 of 1st period - Joseph Veleno is hit by Kevin Bahl and loses puck.
5:05 of 1st period - Caleb Jones is hit by Joshua Morrissey and loses puck.
5:11 of 1st period - Icing by Caleb Jones.
5:12 of 1st period - Mark Scheifele wins face-off versus Barrett Hayton in Chicago Black Hawks zone.
5:37 of 1st period - Minor Penalty to Mark Scheifele for Boarding.
5:38 of 1st period - Sidney Crosby wins face-off versus J.T. Compher in Anaheim Ducks zone.
7:19 of 1st period - Cole Sillinger is hit by Esa Lindell and loses puck.
7:37 of 1st period - Penalty to Mark Scheifele is over, Mark Scheifele is back on ice.
7:44 of 1st period - Morgan Rielly is hit by Dmitri Voronkov and loses puck.
7:51 of 1st period - Vincent Desharnais is hit by Mark Scheifele and loses puck.
8:06 of 1st period - Snap shot by Bobby Brink.
8:06 of 1st period - Stopped by Linus Ullmark with a rebound.
8:12 of 1st period - Jack Drury is hit by Alexey Toropchenko and loses puck.
8:50 of 1st period - Icing by Joshua Morrissey.
8:51 of 1st period - J.T. Compher wins face-off versus Sidney Crosby in Anaheim Ducks zone.
9:00 of 1st period - Slapshot by J.T. Compher.
9:00 of 1st period - Shot Blocked by Sidney Crosby.
9:18 of 1st period - Devon Toews is hit by John Tavares.
9:24 of 1st period - Wrist shot by John Tavares.
9:24 of 1st period - Shot Misses the Net.
9:26 of 1st period - Wrist shot by Joshua Morrissey.
9:26 of 1st period - Stopped by Adin Hill with a rebound.
9:28 of 1st period - Slapshot by Esa Lindell.
9:28 of 1st period - Shot Blocked by Tyson Foerster.
9:40 of 1st period - Slapshot by Alexandre Texier.
9:40 of 1st period - Shot Blocked by Joseph Veleno.
10:04 of 1st period - Slapshot by Nazem Kadri.
10:04 of 1st period - Stopped by Adin Hill with a rebound.
10:06 of 1st period - Snap shot by Brayden Schenn.
10:06 of 1st period - Deflect By Alex Killorn.
10:06 of 1st period - Shot Blocked by Seth Jones.
10:06 of 1st period - Puck is out of play.
10:07 of 1st period - Sidney Crosby wins face-off versus Mark Scheifele in Chicago Black Hawks zone.
10:36 of 1st period - Wrist shot by J.T. Compher.
10:36 of 1st period - Shot Misses the Net.
10:42 of 1st period - Wrist shot by Lucas Raymond.
10:42 of 1st period - Shot Misses the Net.
10:44 of 1st period - Snap shot by Lucas Raymond.
10:44 of 1st period - Shot Misses the Net.
10:46 of 1st period - Slapshot by Lucas Raymond.
10:46 of 1st period - Shot Misses the Net.
10:48 of 1st period - Slapshot by Jon Merrill.
10:48 of 1st period - Shot Misses the Net.
10:52 of 1st period - Snap shot by Lucas Raymond.
10:52 of 1st period - Stopped by Linus Ullmark without a rebound.
10:53 of 1st period - Nazem Kadri wins face-off versus Cole Sillinger in Anaheim Ducks zone.
10:58 of 1st period - Snap shot by Brayden Schenn.
10:58 of 1st period - Shot Misses the Net.
11:51 of 1st period - Snap shot by Chandler Stephenson.
11:51 of 1st period - Shot Misses the Net.
11:53 of 1st period - Slapshot by Kevin Bahl.
11:53 of 1st period - Stopped by Adin Hill with a rebound.
12:45 of 1st period - Snap shot by John Tavares.
12:45 of 1st period - Shot Misses the Net.
12:51 of 1st period - Slapshot by John Tavares.
12:51 of 1st period - Goal by John Tavares - Chicago Black Hawks : 0 - Anaheim Ducks : 2.
12:52 of 1st period - Sidney Crosby wins face-off versus Mark Scheifele in neutral zone.
13:13 of 1st period - Seth Jones is hit by Joshua Morrissey and loses puck.
13:24 of 1st period - Wrist shot by Lucas Raymond.
13:24 of 1st period - Shot Misses the Net.
13:26 of 1st period - Slapshot by Seth Jones.
13:26 of 1st period - Stopped by Linus Ullmark without a rebound.
13:27 of 1st period - Cole Sillinger wins face-off versus Brayden Schenn in Anaheim Ducks zone.
13:28 of 1st period - Snap shot by Joseph Veleno.
13:28 of 1st period - Deflect By Morgan Rielly.
13:28 of 1st period - Stopped by Linus Ullmark without a rebound.
13:29 of 1st period - Nazem Kadri wins face-off versus Cole Sillinger in Anaheim Ducks zone.
13:31 of 1st period - Icing by Alex Killorn.
13:32 of 1st period - Cole Sillinger wins face-off versus Nazem Kadri in Anaheim Ducks zone.
13:45 of 1st period - Cole Sillinger is hit by Alex Killorn and loses puck.
14:21 of 1st period - Barrett Hayton is hit by Luke Evangelista and loses puck.
14:26 of 1st period - Wrist shot by Chandler Stephenson.
14:26 of 1st period - Shot Blocked by Barrett Hayton.
15:24 of 1st period - Off-side.
15:25 of 1st period - Mark Scheifele wins face-off versus Sidney Crosby in neutral zone.
15:56 of 1st period - Slapshot by Mark Scheifele.
15:56 of 1st period - Stopped by Adin Hill with a rebound.
15:58 of 1st period - Snap shot by Mark Scheifele.
15:58 of 1st period - Shot Blocked by Seth Jones.
16:00 of 1st period - Slapshot by John Tavares.
16:00 of 1st period - Stopped by Adin Hill without a rebound.
16:01 of 1st period - Nazem Kadri wins face-off versus Cole Sillinger in Chicago Black Hawks zone.
16:10 of 1st period - Slapshot by Nazem Kadri.
16:10 of 1st period - Stopped by Adin Hill with a rebound.
16:12 of 1st period - Slapshot by Alex Killorn.
16:12 of 1st period - Shot Blocked by Cole Sillinger.
16:44 of 1st period - Snap shot by Cole Sillinger.
16:44 of 1st period - Stopped by Linus Ullmark with a rebound.
16:46 of 1st period - Backhand shot by Tyson Foerster.
16:46 of 1st period - Shot Blocked by Mason Marchment.
16:48 of 1st period - Snap shot by Joseph Veleno.
16:48 of 1st period - Shot Misses the Net.
16:50 of 1st period - Slapshot by Jon Merrill.
16:50 of 1st period - Stopped by Linus Ullmark with a rebound.
16:52 of 1st period - Wrist shot by Tyson Foerster.
16:52 of 1st period - Shot Blocked by Joshua Morrissey.
16:54 of 1st period - Slapshot by Joseph Veleno.
16:54 of 1st period - Shot Misses the Net.
16:56 of 1st period - Snap shot by Joseph Veleno.
16:56 of 1st period - Stopped by Linus Ullmark without a rebound.
16:57 of 1st period - Mark Scheifele wins face-off versus Barrett Hayton in Anaheim Ducks zone.
17:04 of 1st period - Morgan Rielly is hit by Dmitri Voronkov and loses puck.
17:13 of 1st period - Snap shot by John Tavares.
17:13 of 1st period - Stopped by Adin Hill with a rebound.
17:26 of 1st period - Minor Penalty to Nazem Kadri for Delaying the game.
17:27 of 1st period - Sidney Crosby wins face-off versus J.T. Compher in Anaheim Ducks zone.
18:09 of 1st period - Snap shot by Chandler Stephenson.
18:09 of 1st period - Stopped by Adin Hill with a rebound.
18:57 of 1st period - Snap shot by Cole Sillinger.
18:57 of 1st period - Deflect By John Tavares.
18:57 of 1st period - Stopped by Linus Ullmark without a rebound.
18:58 of 1st period - Sidney Crosby wins face-off versus J.T. Compher in Anaheim Ducks zone.
19:11 of 1st period - Snap shot by Sidney Crosby.
19:11 of 1st period - Deflect By Claude Giroux.
19:11 of 1st period - Stopped by Linus Ullmark without a rebound.
19:12 of 1st period - Chandler Stephenson wins face-off versus Sidney Crosby in Anaheim Ducks zone.
19:26 of 1st period - Penalty to Nazem Kadri is over, Nazem Kadri is back on ice.
19:41 of 1st period - Slapshot by William Nylander.
19:41 of 1st period - Shot Misses the Net.
Goals for this period are 0 for Chicago Black Hawks vs 2 for Anaheim Ducks.
Shots for this period are 13 for Chicago Black Hawks vs 11 for Anaheim Ducks.
2nd period
0:01 of 2nd period - Nazem Kadri wins face-off versus Sidney Crosby in neutral zone.
0:37 of 2nd period - Wrist shot by Alex Killorn.
0:37 of 2nd period - Deflect By Brayden Schenn.
0:37 of 2nd period - Goal by Brayden Schenn - Chicago Black Hawks : 0 - Anaheim Ducks : 3.
0:38 of 2nd period - Cole Sillinger wins face-off versus Mark Scheifele in neutral zone.
0:42 of 2nd period - Off-side.
0:43 of 2nd period - Mark Scheifele wins face-off versus Cole Sillinger in neutral zone.
0:51 of 2nd period - William Nylander is hit by Devon Toews and loses puck.
1:12 of 2nd period - Snap shot by Chandler Stephenson.
1:12 of 2nd period - Shot Blocked by Robert Bortuzzo.
1:34 of 2nd period - Snap shot by Nazem Kadri.
1:34 of 2nd period - Shot Misses the Net.
1:36 of 2nd period - Snap shot by Brayden Schenn.
1:36 of 2nd period - Goal by Brayden Schenn - Chicago Black Hawks : 0 - Anaheim Ducks : 4.
1:37 of 2nd period - Mark Scheifele wins face-off versus Sidney Crosby in neutral zone.
2:10 of 2nd period - Snap shot by Josh Doan.
2:10 of 2nd period - Deflect By Barrett Hayton.
2:10 of 2nd period - Stopped by Linus Ullmark with a rebound.
2:20 of 2nd period - Minor Penalty to Brenden Dillon for Goalie Interference.
2:21 of 2nd period - J.T. Compher wins face-off versus Sidney Crosby in Anaheim Ducks zone.
2:30 of 2nd period - Wrist shot by J.T. Compher.
2:30 of 2nd period - Stopped by Adin Hill with a rebound.
2:37 of 2nd period - Off-side.
2:38 of 2nd period - Tyson Foerster wins face-off versus J.T. Compher in neutral zone.
2:49 of 2nd period - J.T. Compher is hit by Cole Sillinger and loses puck.
3:14 of 2nd period - Slapshot by Lucas Raymond.
3:14 of 2nd period - Deflect By Sidney Crosby.
3:14 of 2nd period - Stopped by Linus Ullmark without a rebound.
3:15 of 2nd period - Cole Sillinger wins face-off versus Chandler Stephenson in Anaheim Ducks zone.
3:16 of 2nd period - Slapshot by Tyson Foerster.
3:16 of 2nd period - Deflect By Joseph Veleno.
3:16 of 2nd period - Stopped by Linus Ullmark without a rebound.
3:17 of 2nd period - J.T. Compher wins face-off versus Cole Sillinger in Anaheim Ducks zone.
4:20 of 2nd period - Penalty to Brenden Dillon is over, Brenden Dillon is back on ice.
4:32 of 2nd period - Snap shot by Dmitri Voronkov.
4:32 of 2nd period - Deflect By Barrett Hayton.
4:32 of 2nd period - Stopped by Linus Ullmark without a rebound.
4:33 of 2nd period - Mark Scheifele wins face-off versus Barrett Hayton in Anaheim Ducks zone.
5:15 of 2nd period - Brenden Dillon is hit by Barrett Hayton.
5:25 of 2nd period - Snap shot by Barrett Hayton.
5:25 of 2nd period - Stopped by Linus Ullmark with a rebound.
5:27 of 2nd period - Snap shot by Dmitri Voronkov.
5:27 of 2nd period - Stopped by Linus Ullmark without a rebound.
5:28 of 2nd period - Nazem Kadri wins face-off versus Sidney Crosby in Anaheim Ducks zone.
6:16 of 2nd period - Slapshot by Bobby Brink.
6:16 of 2nd period - Goal by Bobby Brink - Chicago Black Hawks : 1 - Anaheim Ducks : 4.
6:17 of 2nd period - Sidney Crosby wins face-off versus Nazem Kadri in neutral zone.
6:20 of 2nd period - Snap shot by Claude Giroux.
6:20 of 2nd period - Shot Blocked by Brayden Schenn.
6:22 of 2nd period - Slapshot by Vincent Desharnais.
6:22 of 2nd period - Shot Misses the Net.
6:24 of 2nd period - Snap shot by Claude Giroux.
6:24 of 2nd period - Stopped by Linus Ullmark with a rebound.
6:26 of 2nd period - Wrist shot by Claude Giroux.
6:26 of 2nd period - Shot Misses the Net.
6:28 of 2nd period - Snap shot by Claude Giroux.
6:28 of 2nd period - Stopped by Linus Ullmark with a rebound.
6:30 of 2nd period - Snap shot by Sidney Crosby.
6:30 of 2nd period - Shot Blocked by Ivan Provorov.
6:53 of 2nd period - Snap shot by Cole Sillinger.
6:53 of 2nd period - Shot Misses the Net.
7:11 of 2nd period - Snap shot by Luke Evangelista.
7:11 of 2nd period - Stopped by Adin Hill with a rebound.
7:23 of 2nd period - Slapshot by Morgan Rielly.
7:23 of 2nd period - Shot Blocked by Robert Bortuzzo.
7:25 of 2nd period - Slapshot by Morgan Rielly.
7:25 of 2nd period - Stopped by Adin Hill without a rebound.
7:26 of 2nd period - Mason Marchment wins face-off versus Barrett Hayton in Chicago Black Hawks zone.
7:33 of 2nd period - Snap shot by Mason Marchment.
7:33 of 2nd period - Shot Blocked by Jon Merrill.
7:35 of 2nd period - Wrist shot by Alexey Toropchenko.
7:35 of 2nd period - Shot Misses the Net.
7:37 of 2nd period - Slapshot by Esa Lindell.
7:37 of 2nd period - Deflect By Barrett Hayton.
7:37 of 2nd period - Stopped by Adin Hill without a rebound.
7:38 of 2nd period - Mark Scheifele wins face-off versus Sidney Crosby in Chicago Black Hawks zone.
7:49 of 2nd period - Slapshot by Sidney Crosby.
7:49 of 2nd period - Stopped by Linus Ullmark without a rebound.
7:50 of 2nd period - Cole Sillinger wins face-off versus Mark Scheifele in Anaheim Ducks zone.
7:53 of 2nd period - Snap shot by Joseph Veleno.
7:53 of 2nd period - Shot Blocked by Esa Lindell.
7:55 of 2nd period - Snap shot by Tyson Foerster.
7:55 of 2nd period - Goal by Tyson Foerster - Chicago Black Hawks : 2 - Anaheim Ducks : 4.
7:56 of 2nd period - Sidney Crosby wins face-off versus Nazem Kadri in neutral zone.
8:24 of 2nd period - Minor Penalty to Mark Scheifele for Hooking.
8:25 of 2nd period - Sidney Crosby wins face-off versus J.T. Compher in Anaheim Ducks zone.
8:26 of 2nd period - Snap shot by Claude Giroux.
8:26 of 2nd period - Shot Blocked by Ivan Provorov.
8:42 of 2nd period - Backhand shot by J.T. Compher.
8:42 of 2nd period - Shot Misses the Net.
9:32 of 2nd period - Icing by Cole Sillinger.
9:33 of 2nd period - Cole Sillinger wins face-off versus Chandler Stephenson in Chicago Black Hawks zone.
10:24 of 2nd period - Penalty to Mark Scheifele is over, Mark Scheifele is back on ice.
11:51 of 2nd period - Icing by John Tavares.
11:52 of 2nd period - Barrett Hayton wins face-off versus J.T. Compher in Anaheim Ducks zone.
12:07 of 2nd period - Slapshot by Joshua Morrissey.
12:07 of 2nd period - Stopped by Adin Hill with a rebound.
12:31 of 2nd period - Snap shot by Nazem Kadri.
12:31 of 2nd period - Stopped by Adin Hill without a rebound.
12:32 of 2nd period - Sidney Crosby wins face-off versus Mark Scheifele in Chicago Black Hawks zone.
13:31 of 2nd period - Alexey Toropchenko is hit by Cole Sillinger and loses puck.
13:44 of 2nd period - Snap shot by Cole Sillinger.
13:44 of 2nd period - Stopped by Linus Ullmark with a rebound.
13:46 of 2nd period - Wrist shot by Cole Sillinger.
13:46 of 2nd period - Goal by Cole Sillinger - Chicago Black Hawks : 3 - Anaheim Ducks : 4.
13:47 of 2nd period - Mark Scheifele wins face-off versus Lucas Raymond in neutral zone.
13:51 of 2nd period - Icing by Lucas Raymond.
13:52 of 2nd period - Mark Scheifele wins face-off versus Lucas Raymond in Chicago Black Hawks zone.
14:03 of 2nd period - Snap shot by Sidney Crosby.
14:03 of 2nd period - Stopped by Linus Ullmark with a rebound.
14:21 of 2nd period - Nazem Kadri is hit by Joseph Veleno and loses puck.
14:30 of 2nd period - Slapshot by Brayden Schenn.
14:30 of 2nd period - Shot Misses the Net.
14:37 of 2nd period - Icing by Robert Bortuzzo.
14:38 of 2nd period - Barrett Hayton wins face-off versus J.T. Compher in Chicago Black Hawks zone.
15:16 of 2nd period - Snap shot by Luke Evangelista.
15:16 of 2nd period - Shot Blocked by Seth Jones.
15:18 of 2nd period - Slapshot by Brenden Dillon.
15:18 of 2nd period - Stopped by Adin Hill without a rebound.
15:19 of 2nd period - Mark Scheifele wins face-off versus Claude Giroux in Chicago Black Hawks zone.
15:32 of 2nd period - Slapshot by Mark Scheifele.
15:32 of 2nd period - Deflect By John Tavares.
15:32 of 2nd period - Shot Misses the Net.
15:32 of 2nd period - Puck is out of play.
15:33 of 2nd period - Mark Scheifele wins face-off versus Sidney Crosby in Chicago Black Hawks zone.
15:42 of 2nd period - Off-side.
15:43 of 2nd period - Sidney Crosby wins face-off versus Mark Scheifele in neutral zone.
16:37 of 2nd period - Devon Toews is hit by Esa Lindell and loses puck.
17:13 of 2nd period - Wrist shot by William Nylander.
17:13 of 2nd period - Goal by William Nylander - Chicago Black Hawks : 3 - Anaheim Ducks : 5.
17:14 of 2nd period - Nazem Kadri wins face-off versus Cole Sillinger in neutral zone.
17:19 of 2nd period - Wrist shot by Brayden Schenn.
17:19 of 2nd period - Deflect By Cole Sillinger.
17:19 of 2nd period - Stopped by Adin Hill without a rebound.
17:20 of 2nd period - Nazem Kadri wins face-off versus Cole Sillinger in Chicago Black Hawks zone.
17:46 of 2nd period - Snap shot by Brayden Schenn.
17:46 of 2nd period - Shot Misses the Net.
17:48 of 2nd period - Wrist shot by Nazem Kadri.
17:48 of 2nd period - Stopped by Adin Hill without a rebound.
17:49 of 2nd period - J.T. Compher wins face-off versus Barrett Hayton in Chicago Black Hawks zone.
17:52 of 2nd period - Slapshot by Chandler Stephenson.
17:52 of 2nd period - Stopped by Adin Hill without a rebound.
17:53 of 2nd period - Barrett Hayton wins face-off versus J.T. Compher in Chicago Black Hawks zone.
17:58 of 2nd period - Snap shot by Barrett Hayton.
17:58 of 2nd period - Stopped by Linus Ullmark with a rebound.
18:22 of 2nd period - Wrist shot by Brayden Schenn.
18:22 of 2nd period - Stopped by Adin Hill without a rebound.
18:23 of 2nd period - Nazem Kadri wins face-off versus Jack Drury in Chicago Black Hawks zone.
19:13 of 2nd period - Slapshot by Luke Evangelista.
19:13 of 2nd period - Shot Misses the Net.
19:15 of 2nd period - Slapshot by Chandler Stephenson.
19:15 of 2nd period - Shot Blocked by Robert Bortuzzo.
19:17 of 2nd period - Slapshot by Chandler Stephenson.
19:17 of 2nd period - Goal by Chandler Stephenson - Chicago Black Hawks : 3 - Anaheim Ducks : 6.
19:18 of 2nd period - Nazem Kadri wins face-off versus Barrett Hayton in neutral zone.
Goals for this period are 3 for Chicago Black Hawks vs 4 for Anaheim Ducks.
Shots for this period are 15 for Chicago Black Hawks vs 15 for Anaheim Ducks.
3rd period
0:01 of 3rd period - Cole Sillinger wins face-off versus Nazem Kadri in neutral zone.
0:26 of 3rd period - John Tavares is hit by Robert Bortuzzo.
0:43 of 3rd period - Icing by Josh Doan.
0:44 of 3rd period - Jack Drury wins face-off versus J.T. Compher in Chicago Black Hawks zone.
1:10 of 3rd period - Joseph Veleno is hit by Alex Killorn and loses puck.
1:33 of 3rd period - Wrist shot by Sidney Crosby.
1:33 of 3rd period - Shot Misses the Net.
1:35 of 3rd period - Snap shot by Lucas Raymond.
1:35 of 3rd period - Stopped by Linus Ullmark without a rebound.
1:36 of 3rd period - Mark Scheifele wins face-off versus Sidney Crosby in Anaheim Ducks zone.
1:49 of 3rd period - Wrist shot by William Nylander.
1:49 of 3rd period - Stopped by Adin Hill with a rebound.
1:51 of 3rd period - Snap shot by Esa Lindell.
1:51 of 3rd period - Stopped by Adin Hill with a rebound.
1:53 of 3rd period - Slapshot by Joshua Morrissey.
1:53 of 3rd period - Shot Blocked by Sidney Crosby.
2:25 of 3rd period - Snap shot by Tyson Foerster.
2:25 of 3rd period - Shot Misses the Net.
2:27 of 3rd period - Slapshot by Cole Sillinger.
2:27 of 3rd period - Shot Misses the Net.
2:29 of 3rd period - Wrist shot by Joseph Veleno.
2:29 of 3rd period - Stopped by Linus Ullmark with a rebound.
2:31 of 3rd period - Backhand shot by Tyson Foerster.
2:31 of 3rd period - Shot Blocked by Chandler Stephenson.
2:33 of 3rd period - Backhand shot by Cole Sillinger.
2:33 of 3rd period - Stopped by Linus Ullmark with a rebound.
2:52 of 3rd period - Slapshot by Jack Drury.
2:52 of 3rd period - Deflect By Mason Marchment.
2:52 of 3rd period - Shot Blocked by Alexandre Texier.
2:52 of 3rd period - Puck is out of play.
2:53 of 3rd period - Mark Scheifele wins face-off versus Josh Doan in Anaheim Ducks zone.
3:22 of 3rd period - Snap shot by Sidney Crosby.
3:22 of 3rd period - Stopped by Linus Ullmark with a rebound.
4:36 of 3rd period - Slapshot by Dmitri Voronkov.
4:36 of 3rd period - Shot Misses the Net.
5:06 of 3rd period - Snap shot by Bobby Brink.
5:06 of 3rd period - Shot Misses the Net.
5:08 of 3rd period - Slapshot by Bobby Brink.
5:08 of 3rd period - Deflect By Noah Cates.
5:08 of 3rd period - Stopped by Linus Ullmark with a rebound.
5:10 of 3rd period - Slapshot by Caleb Jones.
5:10 of 3rd period - Deflect By Bobby Brink.
5:10 of 3rd period - Stopped by Linus Ullmark with a rebound.
5:12 of 3rd period - Slapshot by Caleb Jones.
5:12 of 3rd period - Stopped by Linus Ullmark with a rebound.
5:49 of 3rd period - Brenden Dillon is hit by Barrett Hayton and loses puck.
5:54 of 3rd period - Wrist shot by Barrett Hayton.
5:54 of 3rd period - Stopped by Linus Ullmark without a rebound.
5:55 of 3rd period - Barrett Hayton wins face-off versus Nazem Kadri in Anaheim Ducks zone.
6:21 of 3rd period - Vincent Desharnais is hit by Chandler Stephenson and loses puck.
6:28 of 3rd period - Slapshot by J.T. Compher.
6:28 of 3rd period - Stopped by Adin Hill with a rebound.
6:58 of 3rd period - Backhand shot by Barrett Hayton.
6:58 of 3rd period - Shot Blocked by Brenden Dillon.
7:04 of 3rd period - Jon Merrill is hit by Brenden Dillon and loses puck.
7:19 of 3rd period - Wrist shot by Alexandre Texier.
7:19 of 3rd period - Stopped by Adin Hill with a rebound.
7:21 of 3rd period - Slapshot by Kevin Bahl.
7:21 of 3rd period - Stopped by Adin Hill without a rebound.
7:22 of 3rd period - Sidney Crosby wins face-off versus Mark Scheifele in Chicago Black Hawks zone.
8:41 of 3rd period - Minor Penalty to Mark Scheifele for Hooking.
8:42 of 3rd period - Sidney Crosby wins face-off versus J.T. Compher in Anaheim Ducks zone.
8:51 of 3rd period - Ivan Provorov is hit by Sidney Crosby and loses puck.
9:10 of 3rd period - Cole Sillinger is hit by Ivan Provorov and loses puck.
10:41 of 3rd period - Penalty to Mark Scheifele is over, Mark Scheifele is back on ice.
10:48 of 3rd period - Off-side.
10:49 of 3rd period - Mark Scheifele wins face-off versus Jack Drury in neutral zone.
11:12 of 3rd period - Ivan Provorov is hit by Dmitri Voronkov and loses puck.
11:21 of 3rd period - Backhand shot by Josh Doan.
11:21 of 3rd period - Stopped by Linus Ullmark without a rebound.
11:22 of 3rd period - Sidney Crosby wins face-off versus Nazem Kadri in Anaheim Ducks zone.
11:32 of 3rd period - Minor Penalty to Brenden Dillon for Interference.
11:33 of 3rd period - J.T. Compher wins face-off versus Cole Sillinger in Anaheim Ducks zone.
13:18 of 3rd period - Alexandre Texier is hit by Seth Jones and loses puck.
13:32 of 3rd period - Penalty to Brenden Dillon is over, Brenden Dillon is back on ice.
13:58 of 3rd period - Bobby Brink is hit by Morgan Rielly and loses puck.
14:22 of 3rd period - Jack Drury is hit by Brayden Schenn and loses puck.
15:14 of 3rd period - Ivan Provorov is hit by Caleb Jones.
15:42 of 3rd period - Sidney Crosby is hit by John Tavares and loses puck.
16:16 of 3rd period - Bobby Brink is hit by Alexey Toropchenko and loses puck.
16:39 of 3rd period - Wrist shot by Tyson Foerster.
16:39 of 3rd period - Shot Misses the Net.
16:41 of 3rd period - Slapshot by Joseph Veleno.
16:41 of 3rd period - Shot Blocked by Brayden Schenn.
16:55 of 3rd period - Slapshot by William Nylander.
16:55 of 3rd period - Goal by William Nylander - Chicago Black Hawks : 3 - Anaheim Ducks : 7.
16:56 of 3rd period - Mark Scheifele wins face-off versus Cole Sillinger in neutral zone.
16:58 of 3rd period - Off-side.
16:59 of 3rd period - Mark Scheifele wins face-off versus Cole Sillinger in neutral zone.
17:02 of 3rd period - Wrist shot by John Tavares.
17:02 of 3rd period - Shot Blocked by Cole Sillinger.
17:04 of 3rd period - Wrist shot by Brenden Dillon.
17:04 of 3rd period - Shot Blocked by Robert Bortuzzo.
17:06 of 3rd period - Snap shot by Mark Scheifele.
17:06 of 3rd period - Shot Misses the Net.
17:08 of 3rd period - Wrist shot by John Tavares.
17:08 of 3rd period - Stopped by Adin Hill without a rebound.
17:09 of 3rd period - Sidney Crosby wins face-off versus Mark Scheifele in Chicago Black Hawks zone.
17:11 of 3rd period - Minor Penalty to Lucas Raymond for Tripping.
17:12 of 3rd period - Mark Scheifele wins face-off versus Sidney Crosby in Chicago Black Hawks zone.
19:11 of 3rd period - Penalty to Lucas Raymond is over, Lucas Raymond is back on ice.
19:30 of 3rd period - Snap shot by Alexey Toropchenko.
19:30 of 3rd period - Stopped by Adin Hill with a rebound.
19:36 of 3rd period - Snap shot by Mason Marchment.
19:36 of 3rd period - Stopped by Adin Hill without a rebound.
19:37 of 3rd period - Jack Drury wins face-off versus J.T. Compher in Chicago Black Hawks zone.
19:37 of 3rd period - Jack Drury is hit by Brenden Dillon.
19:57 of 3rd period - Bobby Brink is hit by J.T. Compher and loses puck.
Goals for this period are 0 for Chicago Black Hawks vs 1 for Anaheim Ducks.
Shots for this period are 9 for Chicago Black Hawks vs 9 for Anaheim Ducks.
Back to the Top